 Dungeon Crawl Stone Soup version 0.23-a0-644-gb60d84b635 (webtiles) character file.

1274688 Flugkiller the Slayer (level 24, 132/132 HPs)
             Began as a Felid Fire Elementalist on Jan 1, 2019.
             Was the Champion of Fedhas.
             Escaped with the Orb
             ... and 3 runes!
             The game lasted 05:29:42 (117774 turns).

Flugkiller the Slayer (Felid Fire Elementalist)   Turns: 117774, Time: 05:29:43

Health: 132/132    AC:  6    Str:  6    XL:     24   Next: 61%
Magic:  38/38      EV: 39    Int: 19    God:    Fedhas [******]
Gold:   4770       SH:  6    Dex: 22    Spells: 0/43 levels left
                                        Lives:  1   Deaths: 5

rFire    + + .     SeeInvis +     - Unarmed
rCold    + + .     Gourm    .   (shield unavailable)
rNeg     + . .     Faith    .   (armour unavailable)
rPois    .         Spirit   .   (helmet unavailable)
rElec    .         Reflect  +   (cloak unavailable)
rCorr    .         Harm     .   (gloves unavailable)
MR       ++++.                  (boots unavailable)
Stlth    +.........             f - amulet "Gonefuu" {Reflect rF+ rC+ rN+ SH+6}
HPRegen  0.32/turn              K - +3 ring of slaying
MPRegen  0.26/turn              y - ring of protection from fire

@: quick
A: very small, no armour, no weapons or thrown items, stealth, claws 1, fangs 3,
rugged brown scales 1, thin metallic scales 1, see invisible, carnivore, dopey
1, speed 1, magic resistance 1, shaggy fur 3, slow metabolism 1, wild magic 1,
sharp paws
0: Orb of Zot
}: 3/15 runes: decaying, slimy, gossamer
a: Fungal Bloom, Sunlight, Evolution, Growth, Reproduction, Rain, Renounce
Religion


You escaped.
You worshipped Fedhas.
Fedhas was exalted by your worship.
You were full.

You visited 10 branches of the dungeon, and saw 53 of its levels.
You also visited: Trove, Ossuary, Bailey and Ice Cave.

You collected 6752 gold pieces.
You spent 1982 gold pieces at shops.

Inventory:

Missiles
 X - 1021 arrows
Jewellery
 f - the amulet "Gonefuu" (around neck) {Reflect rF+ rC+ rN+ SH+6}
   (You found it on level 3 of the Lair of Beasts)

   [amulet of reflection]

   It shields you and reflects attacks.
   It protects you from fire.
   It protects you from cold.
   It protects you from negative energy.
   It affects your SH (+6).
 y - a ring of protection from fire (right paw)
   (You found it on level 6 of the Lair of Beasts)
 D - an uncursed ring of protection from magic
   (You found it on level 3 of the Dungeon)
 K - a +3 ring of slaying (left paw)
   (You took it off an orc on level 4 of the Vaults)
 N - an uncursed ring of resist corrosion
   (You found it on level 1 of the Swamp)
 Z - the amulet of Estim {Gourm rF++ MR++ Dex-3}
   (You took it off a yaktaur on level 4 of the Depths)

   [amulet of the gourmand]

   It allows you to eat raw meat even when not hungry.
   It affects your dexterity (-3).
   It greatly protects you from fire.
   It affects your resistance to hostile enchantments.
Wands
 m - a wand of flame (62)
   (You took it off Natasha on level 3 of the Dungeon)
 u - a wand of clouds (17)
   (You found it on level 5 of the Dungeon)
 x - a wand of acid (49)
   (You took it off an orc on level 5 of the Dungeon)
 A - a wand of paralysis (18)
   (You found it in an ossuary)
 E - a wand of digging (22)
   (You found it on level 7 of the Dungeon)
 Q - a wand of disintegration (67)
   (You found it on level 13 of the Dungeon)
 R - a wand of polymorph (28)
   (You found it on level 13 of the Dungeon)
 S - a wand of iceblast (16)
   (You took it off a human on level 13 of the Dungeon)
 T - a wand of enslavement (18)
   (You found it on level 1 of the Swamp)
 Y - a wand of scattershot (6)
   (You found it on level 3 of the Swamp)
Scrolls
 a - 7 scrolls of teleportation
 j - 36 scrolls of remove curse
 k - a scroll of fog
 l - 10 scrolls of amnesia
 p - 6 scrolls of vulnerability
 q - a scroll of magic mapping
 r - 5 scrolls of silence
 z - 2 scrolls of immolation
 J - 20 scrolls of identify
 M - 2 scrolls of blinking
 O - 4 scrolls of torment
 P - 2 scrolls of fear
Potions
 b - a potion of heal wounds
 d - a potion of mutation
 e - 8 potions of curing
 h - 3 potions of magic
 i - 7 potions of cancellation
 n - 4 potions of berserk rage
 o - 5 potions of lignification
 s - 9 potions of brilliance
 v - 5 potions of might
 w - 5 potions of ambrosia
 B - 4 potions of flight
 F - 4 potions of agility
 G - 4 potions of invisibility
 I - a potion of haste
 L - 3 potions of resistance
Miscellaneous
 c - a phial of floods
   (You found it on level 3 of the Elven Halls)
 g - a lightning rod (4/4)
   (You found it in a treasure trove)
 t - a fan of gales
   (You found it on level 11 of the Dungeon)
 C - 5 boxes of beasts
 H - 2 phantom mirrors
 W - a lamp of fire
   (You found it on level 2 of the Swamp)
Comestibles
 U - 12 rations


   Skills:
 * Level 23.5 Fighting
 + Level 22.8 Dodging
 - Level 2.6 Stealth
 + Level 22.6 Unarmed Combat
 - Level 10.0 Spellcasting
 - Level 9.0 Conjurations
 - Level 13.0 Charms
 - Level 9.5 Translocations
 - Level 17.0 Transmutations
 - Level 10.0 Fire Magic
 - Level 10.1 Air Magic
 - Level 11.0 Earth Magic
 - Level 9.0 Invocations
 - Level 9.0 Evocations


You couldn't memorise any spells.
You knew the following spells:

 Your Spells              Type           Power        Failure   Level  Hunger
a - Dragon Form           Tmut           #######...   10%         7    #######
b - Statue Form           Tmut/Erth      ######...    6%          6    ######.
c - Conjure Flame         Conj/Fire      ######..     1%          3    None
d - Passwall              Tmut/Erth      ######..     1%          2    None
e - Fireball              Conj/Fire      ######....   7%          5    #####..
f - Irradiate             Conj/Tmut      ######....   2%          5    #####..
g - Sticks to Snakes      Tmut           #######.     1%          2    None
h - Deflect Missiles      Chrm/Air       ######....   14%         6    ######.
i - Regeneration          Chrm/Necr      #####.....   3%          3    None
j - Passage of Golubria   Tloc           N/A          3%          4    ##.....

Your spell library contained the following spells:

 Spells                   Type           Power        Failure   Level  Hunger
 Apportation              Tloc           ######       1%          1    None
 Beastly Appendage        Tmut           ######       1%          1    None
 Flame Tongue             Conj/Fire      #####        1%          1    None
 Infusion                 Chrm           ####         1%          1    None
 Magic Dart               Conj           ####         1%          1    None
 Shock                    Conj/Air       ####         1%          1    None
 Searing Ray              Conj           ######       1%          2    None
 Shroud of Golubria       Chrm/Tloc      ######....   1%          2    None
 Song of Slaying          Chrm           ######..     1%          2    None
 Swiftness                Chrm/Air       ######..     1%          2    None
 Throw Flame              Conj/Fire      ######       1%          2    None
 Ignite Poison            Fire/Tmut/Pois ######..     1%          3    None
 Lesser Beckoning         Tloc           ######....   1%          3    None
 Spider Form              Tmut/Pois      ######....   1%          3    None
 Static Discharge         Conj/Air       ######..     1%          3    None
 Petrify                  Tmut/Erth      ######..     1%          4    ##.....
 Blade Hands              Tmut           #######...   1%          5    #####..
 Sting                    Conj/Pois      ####         2%          1    None
 Poisonous Vapours        Pois/Air       #####.       2%          2    None
 Hydra Form               Tmut           #######...   2%          6    ######.
 Mephitic Cloud           Conj/Pois/Air  #####...     3%          3    None
 Force Lance              Conj/Tloc      ######..     3%          4    ##.....
 Iskenderun's Mystic Bla  Conj           ######..     3%          4    ##.....
 Sticky Flame             Conj/Fire      ######..     3%          4    ##.....
 Inner Flame              Hex/Fire       #####...     4%          3    None
 Ice Form                 Ice/Tmut       ######..     4%          4    ##.....
 Iskenderun's Battlesphe  Conj/Chrm      ######..     4%          5    #####..
 Lee's Rapid Deconstruct  Erth           ######....   4%          5    #####..
 Recall                   Summ/Tloc      N/A          5%          3    None
 Bolt of Magma            Conj/Fire/Erth ######....   5%          5    #####..
 Dazzling Spray           Conj/Hex       ####..       6%          3    None
 Lightning Bolt           Conj/Air       ######....   7%          5    #####..
 Alistair's Intoxication  Tmut/Pois      ######..     10%         5    #####..
 Yara's Violent Unravell  Hex/Tmut       ######....   10%         5    #####..
 Corona                   Hex            ##.....      12%         1    None
 Summon Butterflies       Summ           ##......     12%         1    None
 Leda's Liquefaction      Hex/Erth       #####.....   12%         4    ##.....
 Slow                     Hex            ##......     16%         2    None
 Sublimation of Blood     Necr           ##........   16%         2    None
 Fulminant Prism          Conj/Hex       ####......   17%         4    ##.....
 Iron Shot                Conj/Erth      ######....   26%         6    ######.
 Tukima's Dance           Hex            ##......     30%         3    None
 Borgnjor's Vile Clutch   Necr/Erth      #####.....   30%         5    #####..
 Bolt of Fire             Conj/Fire      ######....   30%         6    ######.
 Conjure Ball Lightning   Conj/Air       ######....   30%         6    ######.
 Silence                  Hex/Air        #####.....   34%         5    #####..
 Venom Bolt               Conj/Pois      ####......   41%         5    #####..
 Animate Dead             Necr           N/A          67%         4    ##.....
 Cause Fear               Hex            ##........   67%         4    ##.....
 Olgreb's Toxic Radiance  Pois           ##......     67%         4    ##.....
 Orb of Destruction       Conj           ######....   88%         7    #######
 Poison Arrow             Conj/Pois      ####......   91%         6    ######.
 Darkness                 Hex            ##........   100%        6    ######.
 Death Channel            Necr           ##........   100%        6    ######.
 Invisibility             Hex            ##......     100%        6    ######.
 Simulacrum               Ice/Necr       ##........   100%        6    ######.
 Spellforged Servitor     Conj/Summ      ####......   100%        7    #######
 Chain Lightning          Conj/Air       ######....   100%        8    #######
 Discord                  Hex            ##........   100%        8    #######
 Ignition                 Fire           ######....   100%        8    #######
 Lehudib's Crystal Spear  Conj/Erth      ######....   100%        8    #######
 Dragon's Call            Summ           ##........   100%        9    #######
 Fire Storm               Conj/Fire      ######....   100%        9    #######
 Glaciate                 Conj/Ice       ####......   100%        9    #######
 Shatter                  Erth           ######....   100%        9    #######
 Tornado                  Air            ######....   100%        9    #######
 Spectral Weapon          Hex/Chrm       Unusable     N/A         3    N/A
 Portal Projectile        Hex/Tloc       Unusable     N/A         3    N/A

Dungeon Overview and Level Annotations

Branches:
Dungeon (15/15)            Temple (0/1) D:4            Lair (6/6) D:11
  Swamp (4/4) Lair:3       Spider (4/4) Lair:3        Slime (5/5) Lair:6
    Orc (2/2) D:9             Elf (3/3) Orc:2        Vaults (4/5) D:13
  Crypt (0/3) Vaults:2     Depths (5/5) D:15            Zot (5/5) Depths:5

Altars:
Ashenzari
Fedhas
Gozag
Hepliaklqana
Kikubaaqudgha
Makhleb
Nemelex Xobeh
Okawaru
Qazlal
Ru
Trog
Xom
Zin

Shops:
Orc:2 ?}(*[   Elf:2 (

Portals:
Hell: Depths:1 Depths:2 Depths:3 Depths:4 Depths:5
Abyss: Depths:3 Depths:4
Pandemonium: Depths:3 Depths:4
Ziggurat: Depths:5

Annotations:
D:5 1 runed door
Spider:2 exclusion: Roxanne, Roxanne
Elf:2 3 runed doors
Zot:2 1 runed door, exclusion: downstairs, Cutzuv's ghost, veteran MiBe


Innate Abilities, Weirdness & Mutations

You cannot wear armour.
You are incapable of wielding weapons or throwing items.
Your paws allow you to move quietly. (Stealth)
You have sharp claws.
You have razor-sharp teeth.
You have supernaturally acute eyesight. (SInv)
You are carnivorous and can eat meat at any time.
You cover ground quickly.
Your thick and shaggy fur keeps you warm. (AC +3, rC+)
You have a slow metabolism.
Your sharp claws are effective at attacking unaware monsters.
You are partially covered in rugged brown scales. (AC +1, +3% HP)
You are partially covered in thin metallic scales. (AC +2)
You are dopey. (Int -2)
You are resistant to hostile enchantments. (MR+)
Your spells are a little harder to cast, but a little more powerful.


Message History

Aiming: Dig
Press: ? - help, Shift-Dir - straight line A rock wall.
This square is covered in magical glow.
The rock shatters into small pieces.
Unknown command.
There is a stone staircase leading up here.
You climb upwards.
There is a stone staircase leading down here.
X - 1021 arrows (gained 12)
You see here a +0 shortbow.
There is a stone staircase leading up here.
You climb upwards.
Level annotation: 1 runed door
There is a stone staircase leading down here.
You see here a scroll of enchant weapon.
Unknown command.
There is a stone staircase leading up here.
You climb upwards.
There is a stone staircase leading down here.
Evoke which item? (* to show all) (? for menu, Esc to quit)
Aiming: Dig
Press: ? - help, Shift-Dir - straight line A rock wall.
This square is covered in magical glow.
The rock shatters into small pieces.
A blood saint and a warmonger come into view.
The gelid warmonger is wielding a +1 glaive of flaming.
There is a stone staircase leading up here.
The gelid warmonger calls upon its god to speed up the torturous blood saint.
The torturous blood saint seems to speed up.
You climb upwards.
There is a stone staircase leading down here.
Unknown command.
Unknown command.
There is a stone staircase leading up here.
You climb upwards.
There is a stone staircase leading down here.
Unknown command.
There is a stone staircase leading up here.
There is an open door here.
There is a stone staircase leading up here.
You climb upwards.
There is a stone staircase leading down here.
There is a staircase leading out of the dungeon here.
Enter note: gg
Casting: Passwall (safe; 1% risk of failure)
Confirm with . or Enter, or press ? or * to list all spells.
Okay, then.
You have escaped!

##########################
#.........................
#[........................
#...######..####.####...##
#...# #..# #.# ##...##
#...# #..# #.# #......
#...# ####..####.###......
#...# #........#.......(..
#...###..@................
#..............#####...รท..
#...###........# #####..
#...# #####..### #..
#...#######..###########..
#.........................
#.....................)...
################.#########
#..................


There were no monsters in sight!

Vanquished Creatures
  the Royal Jelly (Slime:5)
  2 ancient liches (Zot:5)
  Mennas (Vaults:2)
  4 orbs of fire
  Boris (Vaults:4)
  Saint Roka (Depths:1)
  Margery (Depths:3)
  A Killer Klown (Zot:5)
  3 curse toes
  13 golden dragons
  A bone dragon (Swamp:4)
  Jory (Vaults:4)
  the Enchantress (Depths:2)
  4 electric golems
  15 tentacled monstrosities
  14 acid blobs
  3 deep elf blademasters (Elf:3)
  4 deep elf master archers (Elf:3)
  7 liches
  24 Orb Guardians
  13 quicksilver dragons
  An Executioner (Depths:3)
  5 sphinxes
  4 tengu reavers
  5 draconian monks
  The ghost of Enroth the Executioner, an adept HOFi of Beogh (Swamp:3)
  4 death cobs
  12 storm dragons
  3 shadow dragons
  15 azure jellies
  5 fire giants
  6 draconian knights
  2 iron dragons
  5 frost giants
  9 draconian scorchers
  10 deep elf sorcerers
  12 vault wardens
  7 ghost moths
  6 draconian shifters
  6 emperor scorpions
  A juggernaut skeleton (Depths:3)
  2 draconian stormcallers (Zot:4)
  7 spriggan defenders
  7 ironheart preservers
  14 very ugly things
  10 draconian annihilators
  3 deep elf elementalists (Elf:3)
  2 entropy weavers (Spider:2)
  The ghost of lis82 the Blocker, a journeyman DgWz (Lair:6)
  7 caustic shrike skeletons
  7 stone giants
  3 vampire knights
  10 black draconians
  5 deep elf demonologists
  26 purple draconians
  21 white draconians
  Azrael (D:13)
  8 green draconians
  14 yellow draconians
  2 deep elf annihilators (Elf:3)
  2 spark wasps (Spider:4)
  16 red draconians
  6 ettins
  A green death (Depths:4)
  7 deep elf death magi
  12 death oozes (Slime:5)
  8 fire dragons
  16 yaktaur captains
  A quicksilver dragon skeleton (Depths:3)
  6 rakshasas
  4 deep elf high priests
  4 vault guards
  11 great orbs of eyes
  19 hydras
  5 ice dragons
  A merfolk avatar (Lair:6)
  3 ghost crabs
  5 spriggan air magi
  28 two-headed ogres
  8 centaur warriors
  11 dancing weapons
  13 alligators
  19 death yaks
  2 death knights
  5 tengu warriors
  A vampire mage (Depths:2)
  6 deep troll shamans
  14 ogre magi
  10 spriggan berserkers
  3 orc high priests (Orc:2)
  9 deep troll earth magi
  Sonja (Lair:5)
  15 deep elf knights
  12 hell knights
  A titan skeleton (Depths:3)
  A sixfirhy (Depths:4)
  33 skeletal warriors
  A large abomination (Elf:3)
  8 spriggan druids
  5 flayed ghosts
  A death drake (Swamp:4)
  An unseen horror (shapeshifter) (Depths:3)
  4 iron trolls
  A swamp dragon (shapeshifter) (Vaults:2)
  23 deep trolls
  2 swamp dragons
  3 unseen horrors
  4 spectral hydras (Swamp:4)
  5 storm dragon skeletons
  A wizard (D:13)
  21 deep elf archers
  2 glowing orange brains
  2 phantasmal warriors (Swamp:4)
  13 ironbrand convokers
  25 wolf spiders
  3 golden dragon skeletons (Depths:3)
  13 orc knights
  8 necromancers
  A harpy (Vaults:2)
  An iron dragon zombie (Depths:3)
  57 deep elf magi
  12 orb spiders
  A tengu skeleton (Depths:3)
  5 orc sorcerers
  A salamander (shapeshifter) (Depths:1)
  6 shining eyes
  23 moths of wrath
  An orb spider (shapeshifter) (Depths:2)
  26 ugly things
  6 cyclopes
  3 sphinx skeletons
  4 frost giant skeletons
  A moth of wrath (shapeshifter) (D:11)
  9 elephants
  10 wandering mushrooms
  7 manticores
  A centaur zombie (D:15)
  5 fire giant skeletons (Depths:3)
  Maurice (D:13)
  5 human skeletons (Vaults:2)
  2 black mambas (Lair:4)
  5 eyes of devastation
  2 rust devils
  11 vault sentinels
  9 spiny frogs
  A torpor snail (Lair:6)
  5 spectral swamp worms (Depths:3)
  7 freezing wraiths
  A torpor snail (shapeshifter) (Depths:3)
  18 demonic crawlers
  3 gargoyles
  5 rime drakes
  An efreet (D:14)
  12 komodo dragons
  57 yaktaurs
  An ice devil (Depths:4)
  4 tengu conjurers
  3 wind drakes (Lair:6)
  2 yaktaur skeletons (Vaults:2)
  A queen bee (Spider:1)
  23 jumping spiders
  5 polar bears
  A queen bee (shapeshifter) (Elf:2)
  A wind drake (shapeshifter) (Depths:1)
  5 meliai
  38 hornets
  6 trolls
  8 tyrant leeches
  2 spectral swamp dragons (Swamp:4)
  110 slime creatures
  Grinder (D:6)
  A blink frog (shapeshifter) (Vaults:3)
  5 dream sheep
  7 blink frogs
  A hydra skeleton (Swamp:4)
  15 flying skulls (Depths:3)
  16 hippogriffs
  A spriggan (shapeshifter) (Depths:1)
  An air elemental (Elf:2)
  Sigmund (D:3)
  90 redbacks
  2 shadows
  22 tarantellas
  2 alligator skeletons (Swamp:4)
  46 spriggans
  4 water elementals
  28 yaks
  8 fire elementals
  5 basilisks
  19 humans
  A hog (shapeshifter) (D:15)
  8 wyverns
  6 wraiths
  5 hogs
  17 golden eyes
  2 hungry ghosts
  19 vampire mosquitoes
  6 insubstantial wisps
  2 steam dragons
  Menkaure (D:4)
  A human simulacrum (Vaults:1)
  15 swamp worms
  An acid dragon (Vaults:2)
  8 wargs
  A soldier ant (D:14)
  12 water moccasins
  5 hell hounds
  7 ice beasts
  A porcupine (Lair:2)
  40 orc warriors
  4 swamp drakes
  8 phantoms (Swamp:4)
  4 sky beasts
  A black bear (D:13)
  A black bear (shapeshifter) (Vaults:3)
  6 eyes of draining
  9 boggarts
  9 wolves
  7 crocodiles
  31 ogres
  4 elf skeletons
  A crocodile (shapeshifter) (Depths:4)
  3 swamp dragon skeletons (Swamp:4)
  10 centaurs
  An orc skeleton (Vaults:2)
  A big kobold (D:7)
  13 bullfrogs
  13 earth elementals
  A wyvern skeleton (D:14)
  2 elf simulacra
  8 scorpions
  20 killer bees
  9 wights
  A howler monkey (shapeshifter) (Depths:5)
  5 spriggan skeletons
  7 electric eels (D:11)
  6 howler monkeys
  A quasit (D:8)
  5 crimson imps
  15 orc priests
  A bullfrog zombie (D:7)
  18 jellies
  A hound (shapeshifter) (D:11)
  21 orc wizards
  9 centaur skeletons
  9 hounds
  2 bullfrog skeletons
  3 iguanas
  Natasha (thrice) (D:3)
  3 hell rats (Lair:2)
  11 worker ants
  Terence (D:2)
  A hound zombie (D:6)
  A hound skeleton (D:5)
  A mummy (D:7)
  A worker ant zombie (D:5)
  12 adders
  7 gnolls
  2 river rats (Lair:2)
  2 swamp drake skeletons (Swamp:4)
  5 shadow imps
  2 adder skeletons
  An adder zombie (Ossuary)
  4 worms
  A dart slug (D:2)
  6 leopard geckos
  89 orcs
  5 ball pythons
  9 bats
  12 giant cockroaches
  7 goblins
  7 hobgoblins
  3 jackals (D:10)
  7 kobolds
  6 quokkas
  2 ball python skeletons (Ossuary)
  7 frilled lizards
  A hobgoblin skeleton (Ossuary)
  2 hobgoblin zombies (Ossuary)
  A kobold zombie (Ossuary)
  A leopard gecko skeleton (D:4)
  12 rats
  2 butterflies (D:5)
  A fungus (Lair:3)
  2 toadstools
2327 creatures vanquished.

Vanquished Creatures (collateral kills)
  2 orbs of fire (Zot:5)
  2 ancient liches (Zot:5)
  2 Killer Klowns (Zot:5)
  A bone dragon (Depths:5)
  An electric golem (Zot:5)
  2 Orb Guardians (Zot:5)
  An acid blob (Slime:4)
  2 quicksilver dragons (Zot:5)
  A sphinx (shapeshifter) (Vaults:1)
  A shadow dragon (Zot:5)
  Kirke (Swamp:2)
  2 storm dragons (Zot:5)
  A draconian knight (Depths:5)
  A draconian scorcher (Zot:5)
  A draconian annihilator (Zot:5)
  An ironheart preserver (Vaults:1)
  A green draconian (Zot:5)
  2 red draconians (Zot:5)
  A yellow draconian (Zot:1)
  A fire dragon (Vaults:1)
  2 yaktaur captains (D:11)
  Harold (D:8)
  3 hydras
  An alligator (Swamp:2)
  A death yak (Lair:6)
  2 two-headed ogres
  A wandering mushroom (Depths:1)
  A deep troll (Depths:5)
  A glowing orange brain (Slime:3)
  2 flayed ghosts
  A deep elf archer (Vaults:2)
  An ironbrand convoker (Vaults:2)
  A wizard (Vaults:1)
  2 orb spiders
  3 wolf spiders
  2 ugly things (D:11)
  3 shining eyes
  A manticore (D:11)
  2 moths of wrath (Zot:5)
  2 black mambas
  5 spiny frogs
  4 vault sentinels
  A yaktaur (Vaults:2)
  A freezing wraith (Vaults:2)
  2 rime drakes
  3 demonic crawlers
  A meliai (Spider:1)
  2 polar bears (Lair:6)
  A troll (D:9)
  7 jumping spiders
  2 hornets
  2 tyrant leeches
  A blink frog (Lair:3)
  4 hippogriffs
  A frost giant simulacrum (Vaults:1)
  5 slime creatures
  23 redbacks
  7 tarantellas
  2 wyverns (Lair:6)
  11 yaks
  A neqoxec (Depths:4)
  A golden eye (Slime:5)
  2 vampire mosquitoes
  A swamp worm (Swamp:1)
  An insubstantial wisp (D:7)
  6 water moccasins
  An acid dragon (Vaults:1)
  2 porcupines (Lair:3)
  A floating eye (Slime:5)
  A swamp drake (Swamp:2)
  An orc warrior (Vaults:4)
  A black bear (Lair:2)
  2 eyes of draining
  3 centaurs
  6 ogres
  5 wolves
  4 crocodiles
  A big kobold (D:7)
  2 bullfrogs (Lair:3)
  A gnoll sergeant (D:7)
  9 killer bees
  2 spriggan skeletons (D:9)
  2 wights
  A troll skeleton (D:9)
  A howler monkey (D:12)
  3 crimson imps
  An orc priest (D:5)
  2 hounds
  2 centaur skeletons
  4 orc wizards
  3 bullfrog skeletons
  An iguana (D:8)
  6 worker ants
  2 hell rats (Lair:2)
  A killer bee zombie (D:7)
  7 gnolls
  An adder (D:10)
  3 river rats (Lair:2)
  A shadow imp (D:10)
  3 orcs
  2 giant cockroaches (D:5)
  4 kobolds (D:7)
  3 rats (Lair:2)
252 creatures vanquished.

Vanquished Creatures (others)
  A tengu reaver (Vaults:4)
  A thorn hunter (Swamp:4)
  3 oklob plants (Zot:5)
  A stone giant (Vaults:3)
  A yaktaur captain (Vaults:2)
  A deep elf archer (Elf:1)
  2 deep elf magi (Elf:1)
  5 swamp worm zombies (Swamp:4)
  3 yaktaurs
  A hydra zombie (Swamp:4)
  A hydra skeleton (Swamp:4)
  9 bog bodies
  A water elemental (Elf:2)
  4 spriggans
  A redback (Spider:3)
  3 humans (Swamp:2)
  A phantom (Swamp:4)
  2 centaurs (D:12)
  A worker ant zombie (D:6)
  99 wandering mushrooms
  2 orcs
  4 briar patches (Swamp:4)
  2 bushes
  69 fungi
  84 plants
  1374 toadstools
1676 creatures vanquished.

Grand Total: 4255 creatures vanquished

Notes
Turn   | Place    | Note
-------+----------+-------------------------------------------
     0 | D:1      | Flugkiller the Felid Fire Elementalist began the quest for
                  | the Orb.
     0 | D:1      | Reached XP level 1. HP: 7/7 MP: 4/4
     8 | D:1      | Reached skill level 1 in Conjurations
   142 | D:1      | Reached XP level 2. HP: 11/11 MP: 3/6
  1213 | D:2      | Reached XP level 3. HP: 9/14 MP: 2/7
  1218 | D:2      | Learned a level 3 spell: Conjure Flame
  1524 | D:2      | Found a blossoming altar of Fedhas.
  2089 | D:2      | Became a worshipper of Fedhas Madash
  2220 | D:2      | Reached XP level 4. HP: 18/18 MP: 0/9
  2802 | D:2      | Noticed Terence
  2841 | D:2      | Killed Terence
  3070 | D:2      | Reached XP level 5. HP: 21/21 MP: 2/10
  3285 | D:3      | Found a hazy altar of Hepliaklqana.
  3309 | D:3      | Noticed Natasha
  3537 | D:3      | Killed Natasha
  4004 | D:3      | Noticed Natasha
  4020 | D:3      | Killed Natasha
  4041 | D:3      | Found a sparkling altar of Nemelex Xobeh.
  4051 | D:3      | Noticed Sigmund
  4244 | D:3      | Noticed Natasha
  4341 | D:3      | Gained mutation: You are covered in thick fur. (AC +2)
                  | [Felid growth]
  4341 | D:3      | Reached XP level 6. HP: 24/24 MP: 9/12
  4347 | D:3      | Reached * piety under Fedhas
  4766 | D:3      | Killed Natasha
  4985 | D:4      | Found a staircase to the Ecumenical Temple.
  5262 | D:4      | Reached XP level 7. HP: 25/27 MP: 7/14
  5455 | D:4      | Noticed Menkaure
  5759 | D:5      | Entered Level 5 of the Dungeon
  5766 | D:5      | Found Widecw's Armour Shop.
  6199 | D:5      | Reached skill level 1 in Fighting
  6199 | D:5      | Reached skill level 1 in Invocations
  6378 | D:6      | Found a sacrificial altar of Ru.
  6424 | D:6      | Reached skill level 2 in Fighting
  6869 | D:6      | Reached skill level 5 in Dodging
  6869 | D:6      | Reached XP level 8. HP: 33/33 MP: 4/15
  6974 | D:6      | Noticed Grinder
  6987 | D:6      | Killed Grinder
  6987 | D:6      | Reached skill level 5 in Fire Magic
  7112 | D:6      | Reached ** piety under Fedhas
  7210 | D:6      | Found an ancient bone altar of Kikubaaqudgha.
  7415 | D:5      | Reached skill level 5 in Conjurations
  7652 | D:5      | Found a shimmering altar of Xom.
  7855 | D:5      | Found a runed door.
  7884 | D:5      | Found a runed door.
  7953 | D:5      | Reached XP level 9. HP: 36/36 MP: 9/16
  8235 | D:7      | Found an iron altar of Okawaru.
  8335 | D:7      | Found a sand-covered staircase.
  8346 | Ossuary  | Entered an ossuary
  9810 | D:7      | Reached *** piety under Fedhas
  9884 | D:7      | Reached XP level 10. HP: 40/40 MP: 7/17
 10044 | D:7      | Found a stormy altar of Qazlal.
 10194 | D:7      | Learned a level 5 spell: Fireball
 10199 | D:7      | Learned a level 4 spell: Sticky Flame
 10919 | D:8      | Noticed a two-headed ogre
 10932 | D:8      | Killed a two-headed ogre
 10932 | D:8      | Reached skill level 5 in Spellcasting
 11444 | D:8      | Reached skill level 10 in Fire Magic
 11590 | D:8      | Noticed Harold
 11624 | D:8      | Killed Harold
 12787 | D:8      | Reached XP level 11. HP: 43/43 MP: 14/19
 13082 | D:9      | Reached skill level 3 in Fighting
 13263 | D:9      | Noticed an unseen horror
 13357 | D:9      | Found a staircase to the Orcish Mines.
 13591 | D:9      | Reached skill level 4 in Fighting
 13599 | D:9      | Learned a level 6 spell: Statue Form
 13922 | D:10     | Entered Level 10 of the Dungeon
 14143 | D:10     | Reached skill level 1 in Transmutations
 14693 | D:10     | Reached skill level 1 in Earth Magic
 15149 | D:11     | Noticed a cyan ugly thing
 15291 | D:10     | Killed a cyan ugly thing
 15319 | D:11     | Found a frozen archway.
 15330 | IceCv    | Entered an ice cave
 15580 | D:11     | Noticed a seven-headed hydra
 15594 | D:11     | Killed a seven-headed hydra
 15958 | D:11     | Noticed a two-headed ogre
 15968 | D:11     | Killed a two-headed ogre
 16528 | D:11     | Noticed a tengu warrior
 16658 | D:11     | Reached skill level 5 in Transmutations
 16728 | D:11     | Killed a tengu warrior
 16821 | D:11     | Got a heavily runed copper ring
 16987 | D:11     | Identified the ring "Xymeik" {*Tele rPois rN+ MP-9} (You
                  | found it on level 11 of the Dungeon)
 17096 | D:11     | Noticed a two-headed ogre
 17441 | D:11     | Reached skill level 5 in Earth Magic
 17588 | D:11     | Found a staircase to the Lair.
 17683 | D:11     | Noticed a tengu reaver
 18025 | D:11     | Killed a two-headed ogre
 18160 | D:11     | Noticed a fire giant
 18196 | D:11     | Killed a fire giant
 18196 | D:11     | Gained mutation: Your thick and shaggy fur keeps you warm.
                  | (AC +3, rC+) [Felid growth]
 18196 | D:11     | Reached XP level 12. HP: 49/49 MP: 20/20
 18255 | D:11     | Noticed a sphinx
 18274 | D:11     | Killed a sphinx
 18922 | D:11     | Found a staircase to the Lair.
 19023 | D:11     | Noticed a yaktaur captain
 19081 | D:11     | Noticed a yaktaur captain
 19130 | D:11     | Killed a yaktaur captain
 19704 | D:11     | Killed a tengu reaver
 20253 | D:11     | Killed a yaktaur captain
 20350 | D:11     | jfc that was one of the worst D:11 I've had to experience
 20351 | Lair:1   | Entered Level 1 of the Lair of Beasts
 21689 | Lair:1   | Got an ancient steel amulet
 21749 | Lair:1   | Identified the amulet of Tamann {Gourm SInv} (You found it
                  | on level 1 of the Lair of Beasts)
 22389 | Lair:2   | Reached skill level 10 in Transmutations
 23043 | Lair:2   | Noticed a five-headed hydra
 23187 | Lair:2   | Killed a five-headed hydra
 23566 | Lair:3   | You fall through a shaft for 3 floors!
 23566 | Lair:6   | Entered Level 6 of the Lair of Beasts
 23595 | Lair:5   | Noticed Sonja
 23821 | Lair:3   | Noticed a six-headed hydra
 23835 | Lair:3   | Killed a six-headed hydra
 23835 | Lair:3   | Reached XP level 13. HP: 52/52 MP: 1/21
 23882 | Lair:3   | Got a flickering bone amulet
 23978 | Lair:3   | Found a gate leading to a gauntlet.
 24052 | Lair:3   | Found a staircase to the Swamp.
 24354 | Lair:2   | Reached **** piety under Fedhas
 24624 | Lair:3   | Found a hole to the Spider Nest.
 24933 | Lair:4   | You fall through a shaft!
 25024 | Lair:4   | Identified the amulet "Gonefuu" {Reflect rF+ rC+ rN+ SH+6}
                  | (You found it on level 3 of the Lair of Beasts)
 26014 | Lair:4   | Reached skill level 10 in Earth Magic
 27145 | Lair:5   | Killed Sonja
 29337 | Lair:6   | Reached skill level 1 in Unarmed Combat
 30894 | Lair:6   | Found a staircase to the Slime Pits.
 31169 | Lair:6   | Reached skill level 5 in Fighting
 31169 | Lair:6   | Reached XP level 14. HP: 58/58 MP: 23/23
 32599 | Lair:6   | Found a runed door.
 32599 | Lair:6   | Noticed lis82's ghost (journeyman DgWz)
 33114 | D:12     | Found an opulent altar of Gozag.
 34034 | D:12     | Reached skill level 6 in Fighting
 35644 | D:13     | Found a flagged portal.
 35655 | Bailey   | Entered a bailey
 37261 | D:13     | Noticed Azrael
 37667 | D:13     | Reached skill level 5 in Unarmed Combat
 37777 | D:13     | Noticed Maurice
 37782 | D:13     | Killed Maurice
 38036 | D:13     | Reached skill level 7 in Fighting
 38625 | D:13     | Identified a scroll of acquirement
 38645 | D:13     | Found a gate to the Vaults.
 38731 | D:13     | Got a vibrating pewter amulet
 38732 | D:13     | Identified the amulet "Leshes" {rPois Regen+ Str+3 Int+3}
                  | (You acquired it on level 13 of the Dungeon)
 38835 | D:13     | Killed Azrael
 39037 | D:13     | Reached XP level 15. HP: 64/64 MP: 27/27
 39044 | D:13     | Learned a level 5 spell: Irradiate
 39600 | D:14     | Reached XP level 16. HP: 69/69 MP: 28/28
 39860 | D:14     | Reached skill level 8 in Fighting
 40103 | D:15     | Entered Level 15 of the Dungeon
 40499 | D:15     | Found a portal to a secret trove of treasure.
 40657 | D:15     | Reached skill level 10 in Dodging
 40988 | D:15     | Found a staircase to the Depths.
 42417 | D:4      | Killed Menkaure
 42663 | D:3      | Killed Sigmund
 42709 | D:3      | Found a glowing silver altar of Zin.
 43000 | Orc:1    | Entered Level 1 of the Orcish Mines
 43209 | Orc:1    | Reached skill level 9 in Fighting
 43339 | Orc:1    | Found a burning altar of Makhleb.
 43515 | Orc:2    | Entered Level 2 of the Orcish Mines
 43552 | Orc:2    | Found a bloodstained altar of Trog.
 43697 | Orc:2    | Reached ***** piety under Fedhas
 43756 | Orc:2    | Demolished by an orc knight
 43757 | Orc:2    | Reached XP level 15. HP: -20/67 MP: 23/36
 43757 | Orc:2    | Found Guwk's Magic Scroll Boutique.
 43757 | Orc:2    | Found Qisiris's Antique Weapon Shoppe.
 43804 | Orc:2    | Found Nauppomokk's Assorted Antiques.
 44031 | Orc:2    | Found Miegi's Gadget Boutique.
 44095 | Orc:2    | Bought a scroll of blinking for 112 gold pieces
 44388 | Orc:2    | Reached skill level 10 in Unarmed Combat
 44540 | Orc:2    | Found Ushipnuss's Antique Armour Shoppe.
 44546 | Orc:2    | Found a staircase to the Elven Halls.
 44832 | Orc:2    | Bought a potion of heal wounds for 155 gold pieces
 44832 | Orc:2    | Bought a potion of heal wounds for 155 gold pieces
 45074 | Spider:1 | Entered Level 1 of the Spider Nest
 46921 | Spider:1 | Reached skill level 5 in Invocations
 47810 | Spider:2 | Noticed Roxanne
 47916 | Spider:2 | Reached skill level 10 in Fighting
 48167 | Spider:2 | Reached XP level 16. HP: 34/73 MP: 14/28
 50831 | Spider:4 | Entered Level 4 of the Spider Nest
 51407 | Spider:4 | Reached skill level 11 in Fighting
 54453 | Spider:4 | Reached XP level 17. HP: 76/79 MP: 28/29
 54906 | Spider:4 | Reached skill level 12 in Fighting
 54990 | Spider:4 | Got a gossamer rune of Zot
 55198 | Swamp:1  | Entered Level 1 of the Swamp
 56202 | Swamp:2  | Noticed Kirke
 56215 | Swamp:2  | Killed Kirke
 56249 | Swamp:2  | Reached skill level 15 in Dodging
 57859 | Lair:6   | Killed lis82's ghost
 57883 | Lair:6   | Learned a level 2 spell: Sticks to Snakes
 58925 | Swamp:3  | Found a large runed door.
 58927 | Swamp:3  | Found a large runed door.
 59680 | Swamp:3  | Noticed Enroth's ghost (adept HOFi)
 59703 | Swamp:3  | Killed Enroth's ghost
 59960 | Swamp:4  | Entered Level 4 of the Swamp
 60904 | Swamp:4  | Learned a level 6 spell: Deflect Missiles
 61143 | Swamp:4  | Reached skill level 1 in Charms
 61148 | Swamp:4  | Reached skill level 1 in Air Magic
 61399 | Swamp:4  | Noticed a bone dragon
 61426 | Swamp:4  | Killed a bone dragon
 61684 | Swamp:4  | Got a decaying rune of Zot
 62345 | Vaults:1 | Entered Level 1 of the Vaults
 63819 | Vaults:1 | Reached XP level 18. HP: 85/85 MP: 31/31
 64058 | Vaults:1 | Reached skill level 5 in Charms
 64681 | Vaults:2 | Reached skill level 5 in Air Magic
 65247 | Vaults:2 | Slain by a flayed ghost
 65248 | Vaults:2 | Reached XP level 17. HP: 0/81 MP: 35/39
 65274 | Vaults:2 | Noticed Mennas
 65510 | Vaults:2 | Killed Mennas
 67090 | Vaults:2 | Reached skill level 10 in Charms
 67468 | Vaults:2 | Found a staircase to the Crypt.
 68007 | Vaults:3 | Noticed a lich
 68016 | Vaults:3 | Killed a lich
 68021 | Vaults:3 | Reached XP level 18. HP: 27/85 MP: 8/31
 68491 | Vaults:3 | Noticed a lich
 68501 | Vaults:3 | Killed a lich
 69874 | Vaults:4 | Reached skill level 10 in Air Magic
 70231 | Vaults:4 | Noticed Boris
 70258 | Vaults:4 | Killed Boris
 70849 | Vaults:4 | Reached skill level 13 in Fighting
 71349 | Vaults:4 | Noticed a lich
 71371 | Vaults:4 | Killed a lich
 71397 | Vaults:4 | Noticed Jory
 71793 | Vaults:4 | Noticed an Ice Fiend
 71823 | Vaults:4 | Reached XP level 19. HP: 14/89 MP: 28/32
 72576 | Vaults:4 | Killed Jory
 73152 | Depths:1 | Entered Level 1 of the Depths
 73843 | Depths:1 | Identified the Catalogue of the Pirate (You acquired it on
                  | level 1 of the Depths)
 73846 | Depths:1 | Got a clouded copper ring
 73847 | Depths:1 | Identified the ring "Soowocu" {+Fly Slay+2} (You acquired
                  | it on level 1 of the Depths)
 73904 | Depths:1 | Killed from afar by a deep troll earth mage
 73905 | Depths:1 | Reached XP level 18. HP: -11/113 MP: 13/31
 74569 | Depths:1 | Found a gateway to Hell.
 75200 | Depths:1 | Noticed Saint Roka
 75404 | Depths:1 | Killed Saint Roka
 75404 | Depths:1 | Reached skill level 14 in Fighting
 77365 | Depths:2 | Identified the cursed +5 giant club of the Desolation of
                  | Salt {crush, rPois}
 77365 | Depths:2 | Identified the cursed +2 giant club "Flugkiller's Foe"
                  | {protect, +Rage rN++ Str+4}
 77378 | Depths:2 | Reached XP level 19. HP: 62/91 MP: 19/33
 77378 | Depths:2 | Identified the +0 faerie dragon scales {+Blink rF+ rC-
                  | rCorr}
 77378 | Depths:2 | Noticed the Enchantress
 78291 | Depths:2 | Killed the Enchantress
 78326 | Depths:2 | Identified the +6 rapier of Anxiety {pierce, +Blink Dex+2}
 78816 | Depths:2 | Found a bloodstained altar of Trog.
 79977 | Depths:2 | Reached skill level 10 in Spellcasting
 80038 | Depths:2 | Learned a level 3 spell: Regeneration
 80052 | Depths:2 | Reached skill level 15 in Unarmed Combat
 80377 | Depths:3 | Noticed Margery
 81388 | Depths:3 | Reached skill level 15 in Fighting
 81399 | Depths:3 | Found a one-way gate to the infinite horrors of the Abyss.
 82449 | Depths:3 | Found a one-way gate leading to the halls of Pandemonium.
 82646 | Depths:3 | Killed Margery
 82646 | Depths:3 | Reached XP level 20. HP: 88/97 MP: 35/35
 83226 | Depths:3 | Paralysed by a floating eye for 4 turns
 83762 | Depths:2 | Learned a level 4 spell: Passage of Golubria
 83779 | Depths:2 | Reached skill level 1 in Translocations
 84602 | Depths:3 | Got a smoking crystal amulet
 84613 | Depths:3 | Identified the amulet "Xax Yfec" {Inacc rC- MP+9 Str+4}
                  | (You found it on level 3 of the Depths)
 85092 | Depths:3 | Reached skill level 16 in Fighting
 85119 | Depths:3 | Reached skill level 5 in Translocations
 85887 | Depths:4 | You fall through a shaft!
 85887 | Depths:5 | Entered Level 5 of the Depths
 86103 | Depths:4 | Identified the amulet of Estim {Gourm rF++ MR++ Dex-3}
 86124 | Depths:4 | Noticed a golden dragon
 86487 | Depths:4 | Killed a golden dragon
 86933 | Depths:4 | Reached XP level 21. HP: 87/103 MP: 29/36
 87253 | Depths:4 | Noticed a golden dragon
 87264 | Depths:4 | Killed a golden dragon
 87746 | Depths:5 | Found a shattered altar of Ashenzari.
 88015 | Depths:5 | Found a gateway to a ziggurat.
 89369 | Depths:5 | Found a gate to the Realm of Zot.
 90208 | Elf:1    | Entered Level 1 of the Elven Halls
 90361 | Elf:1    | Reached skill level 15 in Transmutations
 91743 | Elf:2    | Reached ****** piety under Fedhas
 91879 | Elf:2    | Found a runed gate.
 91879 | Elf:2    | Found a runed gate.
 91879 | Elf:2    | Found a runed gate.
 91923 | Elf:2    | Found Myennolu's Antique Weapon Shoppe.
 91933 | Elf:2    | Reached XP level 22. HP: 108/108 MP: 32/37
 92202 | Elf:2    | hah, finally got max piety
 92202 | Elf:2    | only because I stopped using abilities
 92202 | Elf:2    | sorry, not max piety, six stars/pips of piety
 92203 | Elf:3    | Entered Level 3 of the Elven Halls
 92672 | Elf:3    | Reached skill level 17 in Fighting
 93752 | Elf:3    | Identified the ring "Fapnobuo" {SInv Stlth-}
 95028 | Slime:1  | Entered Level 1 of the Pits of Slime
 95039 | Lair:6   | Reached skill level 1 in Evocations
 95255 | Slime:1  | Gained mutation: You are frail. (-10% HP) [a shining eye]
 95255 | Slime:1  | Gained mutation: You are very frail. (-20% HP) [a shining
                  | eye]
 95537 | Slime:1  | Gained mutation: You do not regenerate when monsters are
                  | visible. [a shining eye]
 96013 | Slime:1  | Reached skill level 5 in Evocations
 96243 | Lair:5   | Lost mutation: You are very frail. (-20% HP) [potion of
                  | mutation]
 96243 | Lair:5   | Lost mutation: You are frail. (-10% HP) [potion of
                  | mutation]
 96243 | Lair:5   | Lost mutation: You do not regenerate when monsters are
                  | visible. [potion of mutation]
 96243 | Lair:5   | Gained mutation: You are clumsy. (Dex -2) [potion of
                  | mutation]
 96243 | Lair:5   | Gained mutation: You expend magic power (3 MP) to
                  | strengthen your wands. [potion of mutation]
 96243 | Lair:5   | Gained mutation: You are partially covered in rugged brown
                  | scales. (AC +1, +3% HP) [potion of mutation]
 97318 | Slime:3  | Gained mutation: Your magical capacity is low. (-10% MP) [a
                  | shining eye]
 97444 | Slime:5  | Entered Level 5 of the Pits of Slime
 97457 | Slime:5  | Gained mutation: You are resistant to hostile enchantments.
                  | (MR+) [a shining eye]
 97464 | Slime:5  | Gained mutation: You are dopey. (Int -2) [a shining eye]
 97466 | Slime:5  | Paralysed by a floating eye for 3 turns
 97651 | Slime:5  | Noticed the Royal Jelly
 97915 | Slime:3  | Reached XP level 23. HP: 117/117 MP: 34/34
 98430 | Slime:5  | Reached skill level 18 in Fighting
 98877 | Slime:5  | Killed the Royal Jelly
 99249 | Slime:5  | Found the +8 glaive of the Guard {elec, +Rage AC+5 SInv}
 99264 | Slime:5  | Got a smoking jade amulet
 99268 | Slime:5  | Identified the amulet of the Pure Spreadsheets {rF+ rC+
                  | Regen+} (You found it on level 5 of the Pits of Slime)
 99269 | Slime:5  | Identified the amulet of Okawaru's Benevolence {+Rage rPois
                  | Dex+4} (You found it on level 5 of the Pits of Slime)
 99279 | Slime:5  | Found the +12 glaive of Prune {chop}
 99346 | Slime:5  | Got a slimy rune of Zot
 99577 | Slime:5  | Learned a level 7 spell: Dragon Form
 99985 | Depths:5 | Here we go...
 99986 | Zot:1    | Entered Level 1 of the Realm of Zot
101611 | Zot:2    | Reached skill level 19 in Fighting
102453 | Zot:2    | Identified the +1 shortbow "Quiclasu" {velocity, rPois}
103685 | Zot:2    | Found a runed door.
103686 | Zot:2    | Noticed Cutzuv's ghost (veteran MiBe)
103705 | Zot:2    | You fall through a shaft for 2 floors!
103711 | Zot:4    | oh god it's happening
103753 | Zot:3    | Annihilated by a golden dragon
103754 | Zot:3    | Reached XP level 22. HP: -29/172 MP: 1/33
103759 | Zot:3    | that was really bad ugh
103772 | Zot:2    | Well at least that got me back up
104200 | Zot:3    | Reached XP level 23. HP: 120/120 MP: 26/34
105268 | Zot:3    | Reached skill level 20 in Fighting
105915 | Zot:3    | Got a slimy iron ring
105944 | Zot:3    | Identified the ring "Xeony" {rPois Int+2 Dex+4 SInv} (You
                  | found it on level 3 of the Realm of Zot)
107155 | Zot:4    | Noticed a curse toe
107170 | Zot:4    | Killed a curse toe
108298 | D:15     | You showed the slimy rune of Zot to enter a treasure trove
108299 | Trove    | Entered a treasure trove
108337 | Trove    | Got a clouded steel ring
108340 | Trove    | Identified the ring "Daceeth" {+Fly Stlth+} (You found it
                  | in a treasure trove)
108341 | Trove    | Identified the ring of Nicach {rElec Dex+2} (You found it
                  | in a treasure trove)
109017 | Zot:4    | Reached skill level 21 in Fighting
109558 | Zot:4    | Noticed a curse toe
109923 | Zot:4    | Killed a curse toe
109923 | Zot:4    | Reached XP level 24. HP: 127/127 MP: 29/34
110019 | Zot:4    | Let's go
110020 | Zot:5    | Entered Level 5 of the Realm of Zot
111681 | Zot:5    | Ok, no tele exploration traps so far
111683 | Zot:5    | Learned a level 1 spell: Apportation
111860 | Zot:5    | I'm dumb
111872 | Zot:5    | Noticed an ancient lich
111883 | Zot:5    | Killed an ancient lich
111957 | Zot:5    | Noticed an ancient lich
111997 | Zot:5    | Noticed an orb of fire
112006 | Zot:5    | Killed an orb of fire
112006 | Zot:5    | Reached skill level 22 in Fighting
112019 | Zot:5    | Killed an ancient lich
112039 | Zot:5    | Noticed an ancient lich
112105 | Zot:5    | Killed an ancient lich
112148 | Zot:5    | Noticed an orb of fire
112165 | Zot:5    | Killed an orb of fire
112174 | Zot:5    | Noticed an orb of fire
112182 | Zot:5    | Gained mutation: You are frail. (-10% HP) [an orb of fire]
112186 | Zot:5    | Gained mutation: You are weak. (Str -2) [an orb of fire]
112195 | Zot:5    | Gained mutation: Your spells are a little easier to cast,
                  | but a little less powerful. [an orb of fire]
112197 | Zot:5    | Killed an orb of fire
112263 | Zot:5    | galaxy brain inc
112731 | Orc:2    | Bought a scroll of acquirement for 780 gold pieces
112731 | Orc:2    | Bought a scroll of acquirement for 780 gold pieces
113352 | Zot:5    | HP: 7/177 [Killer Klown (26)]
113355 | Zot:5    | HP: 3/177 [Killer Klown (9)]
113376 | Zot:5    | jesus
113812 | Zot:5    | Noticed an ancient lich
113908 | Zot:5    | Noticed an orb of fire
113930 | Zot:5    | Killed an ancient lich
113961 | Zot:5    | Gained mutation: You tend to lose your temper in combat.
                  | [an orb of fire]
113965 | Zot:5    | Gained mutation: Your body sometimes deteriorates upon
                  | taking damage. [an orb of fire]
113974 | Zot:5    | Lost mutation: You are frail. (-10% HP) [an orb of fire]
113976 | Zot:5    | Gained mutation: Your body often deteriorates upon taking
                  | damage. [an orb of fire]
113984 | Zot:5    | Gained mutation: Your magical capacity is very low. (-20%
                  | MP) [an orb of fire]
113986 | Zot:5    | Killed an orb of fire
114183 | Zot:5    | Reached XP level 25. HP: 68/134 MP: 19/30
114197 | Zot:5    | HP: 7/174 [Orb Guardian (5)]
114199 | Zot:5    | Slain by an Orb Guardian
114200 | Zot:5    | Reached XP level 24. HP: 0/169 MP: 18/30
114607 | Zot:5    | Noticed an orb of fire
114609 | Zot:5    | Gained mutation: You are frail. (-10% HP) [an orb of fire]
114616 | Zot:5    | Killed an orb of fire
114616 | Zot:5    | Reached skill level 23 in Fighting
115723 | Zot:1    | Noticed an orb of fire
115729 | Zot:1    | Gained mutation: You are very dopey. (Int -4) [an orb of
                  | fire]
115735 | Zot:1    | Killed an orb of fire
117127 | Zot:1    | Lost mutation: You are frail. (-10% HP) [potion of
                  | mutation]
117127 | Zot:1    | Lost mutation: Your spells are a little easier to cast, but
                  | a little less powerful. [potion of mutation]
117127 | Zot:1    | Lost mutation: Your body often deteriorates upon taking
                  | damage. [potion of mutation]
117127 | Zot:1    | Lost mutation: Your body sometimes deteriorates upon taking
                  | damage. [potion of mutation]
117127 | Zot:1    | Gained mutation: You are partially covered in thin metallic
                  | scales. (AC +2) [potion of mutation]
117128 | Zot:1    | Lost mutation: Your magical capacity is very low. (-20% MP)
                  | [potion of mutation]
117128 | Zot:1    | Lost mutation: You are very dopey. (Int -4) [potion of
                  | mutation]
117128 | Zot:1    | Lost mutation: You are weak. (Str -2) [potion of mutation]
117129 | Zot:1    | Lost mutation: You are clumsy. (Dex -2) [potion of
                  | mutation]
117129 | Zot:1    | Lost mutation: You expend magic power (3 MP) to strengthen
                  | your wands. [potion of mutation]
117129 | Zot:1    | Gained mutation: Your flesh is cold resistant. (rC+)
                  | [potion of mutation]
117130 | Zot:1    | Lost mutation: Your magical capacity is low. (-10% MP)
                  | [potion of mutation]
117130 | Zot:1    | Lost mutation: You tend to lose your temper in combat.
                  | [potion of mutation]
117130 | Zot:1    | Lost mutation: Your flesh is cold resistant. (rC+) [potion
                  | of mutation]
117130 | Zot:1    | Gained mutation: Your spells are a little harder to cast,
                  | but a little more powerful. [potion of mutation]
117284 | Zot:5    | Got the Orb of Zot
117364 | Zot:1    | Learned a level 2 spell: Passwall
117432 | Depths:4 | Noticed Tiudo the pandemonium lord
117773 | D:1      | gg
117774 | D:$      | Escaped with the Orb!

Vault maps used:
D:1:      dpeg_arrival_boxes_within_box
D:2:      first_ration, fedhas_altar_2, uniq_terence
D:3:      lemuel_coloured_pillars_altar, lemuel_doored_altar,
          lemuel_round_altar, uniq_natasha, uniq_sigmund
D:4:      minmay_temple_entry_wispy, uniq_menkaure
D:5:      lemuel_insect_pit, kennysheep_little_box, serial_shops,
          kennysheep_mini
D:6:      kiku_gazebo_pond_becter, nicolae_ru_awakened_eye, uniq_grinder
D:7:      okawaru_gym_becter, marbit_many_paths, gup_ossuary_entry_pyramid,
          grunt_livestock, hangedman_misty_isle
D:8:      kennysheep_windowed_halls, interstate_on_off, uniq_harold
D:9:      orc_0_dummy, hangedman_tell_no_tales
D:11:     minmay_sliced_demisemicircle, grunt_lair_entry_orc_guard_hut,
          portal_ice_cave_entry_pillars_2, kennysheep_boxes
D:12:     basic_altar
D:13:     grunt_vaults_entry_tiered, enter_bailey_2, uniq_azrael, uniq_maurice
D:14:     minmay_misc_feat_ornament
D:15:     hangedman_depths_entry_civil_slaughter, enter_trove_1
Lair:1:   grunt_megastairs_2
Lair:2:   kennysheep_abandoned_house
Lair:3:   swamp_mist, nicolae_spider_entry_tight_spaces, gauntlet_entry_generic,
          st_stairs_3, minivault_27, grunt_megastairs_1, serial_bayou_shore_b
Lair:5:   nicolae_volcano_entry_two_sided, infiniplex_staircase_pool, uniq_sonja
Lair:6:   gammafunk_lair_ancient_temple, minmay_slime_entry_jelly_boxes,
          ebering_ghost_inner_flame
Swamp:1:  evilmike_swamp_ruin_house_3
Swamp:2:  evilmike_swamp_ruin_rubble_2, uniq_kirke
Swamp:3:  ebering_ghost_disaster_area, serial_swamp_ruin,
          evilmike_swamp_ruin_house_4, evilmike_swamp_ruin_house_1,
          evilmike_swamp_ruin_house_5, swamp_pool1, hangedman_swamp_wriggling
Swamp:4:  swamp_pestilence, swamp_pool3
Spider:1: nicolae_looking_at_the_future
Spider:2: guppyfry_hornet_nest, uniq_roxanne
Spider:3: spider_trap
Spider:4: guppyfry_spider_rune
Slime:4:  nicolae_slime_phagocytosis
Orc:1:    bloody_makhleb
Orc:2:    st_orc_elflike, basic_altar, serial_shops, shop
Elf:1:    eino_elf_arrival_shootout, special_room, hangedman_elf_represent,
          abandoned_shop
Elf:2:    serial_shops, shop_fountains
Elf:3:    minmay_elf_hall_statues, st_stairs_9
Vaults:1: grunt_vaults_twisty, nicolae_vaults_theta, v_pattern_1,
          nicolae_vaults_rhombus_5, hangedman_vaults_river_flow,
          ontoclasm_vaults_ring_square, grunt_vaults_hallway_short,
          ontoclasm_vaults_gateway, v_alt_pattern_1
Vaults:2: minmay_crypt_entry_skeletal_spiral, vaults_mumra_lcd,
          grunt_vaults_bifocal, v_rooms_1, v_misc_3,
          ontoclasm_vaults_ring_small, v_misc_15, ontoclasm_vaults_hangar,
          hangedman_vaults_unwind, hangedman_vaults_maws,
          nicolae_vaults_alarming, dpeg_vaults_monster_box,
          nicolae_vaults_specimen_jars, uniq_mennas
Vaults:3: st_diamondy, hangedman_vaults_stitches,
          nicolae_vaults_little_squares_3, nicolae_vaults_diagonal_hallway_9,
          nicolae_vaults_border_crossing, hangedman_vaults_nodes,
          ontoclasm_vaults_bender, vaults_room_corners, ontoclasm_vaults_idyll,
          vaults_dpeg_ring, v_pattern_2
Vaults:4: nicolae_vaults_network_square, vaults_standard_mumra_lines, st_cross,
          vaults_mumra_hex, v_misc_32, hangedman_vaults_slice,
          vaults_dpeg_encased_lava, vaults_dpeg_cross, v_misc_25,
          nicolae_vaults_rhombus_7, nicolae_vaults_network_star,
          vaults_dpeg_hooks, ontoclasm_vaults_shuriken, uniq_jory, uniq_boris
Depths:1: kennysheep_blocky_hall, grunt_hell_entry_dis_old,
          minmay_misc_feat_plants, nrook_pool_corridor, lemuel_nasty_fountain,
          uniq_saint_roka
Depths:2: spriggan_forest, hell_entry
Depths:3: minmay_skeleton_keep, pan_entry, pf_hell_entry_tar_river,
          serial_sigils, serial_sigils_hangedman_scratch,
          serial_sigils_hangedman_confine, serial_sigils_hangedman_snap,
          serial_sigils_hangedman_carve, serial_sigils_hangedman_quiver,
          abyss_entry, minivault_22, minmay_three_doors, firewood_loft,
          uniq_margery
Depths:4: minmay_triangles_in_corner, hell_entry, rand_demon_pan_entry_1,
          abyss_entry, grunt_decor_arrowhead, minmay_misc_feat_square,
          corexii_leaking_fountain, infiniplex_staircase_zigzag_4,
          serial_bayou_shore_b, uniq_enchantress
Depths:5: grunt_zot_entry_tricorne, enter_ziggurat_f, pf_coc_iceberg,
          abandoned_shop, nicolae_ashenzari_panopticon
Zot:2:    cheibrodos_zot_enchanting_chambers, gammafunk_ghost_grave
Zot:3:    hangedman_zot_wheel_spokes
Zot:5:    hangedman_zot_decor_unnerving_road
Trove:    trove_simple
Ossuary:  ossuary_due_cavern
Bailey:   bailey_polearm_2, bailey
IceCv:    ice_cave_caverns_03

Skill      XL: |  1  2  3  4  5  6  7  8  9 10 11 12 13 14 15 16 17 18 19 20 21 22 23 24 |
---------------+-------------------------------------------------------------------------+-----
Conjurations   | 1 2 3 4 6 8 9 |  9.0
Fire Magic     | 3 4 6 8 10 | 10.0
Spellcasting   | 3 4 5 7 8 9 10 | 10.0
Dodging        | 5 9 12 14 15 17 19 20 21 22 | 22.8
Fighting       | 2 4 5 7 10 11 12 14 15 16 17 21 23 | 23.5
Invocations    | 3 6 9 |  9.0
Transmutations | 7 10 13 14 16 17 | 17.0
Earth Magic    | 5 9 11 | 11.0
Unarmed Combat | 2 8 10 12 13 15 16 17 18 21 22 | 22.6
Charms         | 11 13 | 13.0
Air Magic      | 8 10 | 10.1
Translocations | 8 9 |  9.5
Evocations     | 9 |  9.0
Stealth        | |  2.6

Action                   |  1- 3 |  4- 6 |  7- 9 | 10-12 | 13-15 | 16-18 | 19-21 | 22-24 | 25-27 || total
-------------------------+-------+-------+-------+-------+-------+-------+-------+-------+-------++-------
Melee: Unarmed           |     1 |     1 |    40 |    67 |   409 |  2154 |  1737 |  1587 |    14 ||  6010
       Bite              |       |       |     6 |     4 |    46 |   255 |   189 |   185 |     2 ||   687
       Punch             |       |       |       |       |    22 |   134 |   138 |   157 |     1 ||   452
       Tailslap          |       |       |       |       |       |       |       |   130 |       ||   130
 Cast: Flame Tongue      |    88 |   122 |   336 |   574 |   780 |   600 |    18 |       |       ||  2518
       Conjure Flame     |     1 |     6 |    13 |    30 |    34 |    29 |     2 |       |       ||   115
       Fireball          |       |       |       |    41 |   158 |   106 |    16 |     1 |       ||   322
       Sticky Flame      |       |       |       |    28 |   178 |   149 |     2 |       |       ||   357
       Statue Form       |       |       |       |       |    22 |   140 |   117 |    61 |       ||   340
       Irradiate         |       |       |       |       |     7 |    58 |    31 |    24 |     2 ||   122
       Sticks to Snakes  |       |       |       |       |       |    21 |    27 |    18 |       ||    66
       Deflect Missiles  |       |       |       |       |       |     4 |     6 |    18 |       ||    28
       Dragon Form       |       |       |       |       |       |       |       |    87 |       ||    87
       Regeneration      |       |       |       |       |       |       |       |     5 |       ||     5
       Passage of Golubr |       |       |       |       |       |       |       |     1 |       ||     1
       Passwall          |       |       |       |       |       |       |       |     5 |       ||     5
       Apportation       |       |       |       |       |       |       |       |     1 |       ||     1
Invok: Fungal Bloom      |       |    13 |    31 |    54 |    74 |   117 |    50 |    33 |       ||   372
       Evolution         |       |       |     3 |    23 |    32 |    44 |     7 |    10 |       ||   119
       Rain              |       |       |       |       |     1 |       |     1 |       |       ||     2
       Sunlight          |       |       |       |       |     1 |       |       |       |       ||     1
       Growth            |       |       |       |       |       |       |       |     2 |       ||     2
 Abil: End Transformatio |       |       |       |       |     3 |     5 |    10 |    14 |       ||    32
Evoke: Wand              |       |       |    11 |    20 |    14 |     4 |     3 |     5 |       ||    57
       Lamp of fire      |       |       |       |       |       |     1 |     4 |     2 |       ||     7
  Use: Scroll            |     4 |     3 |     7 |    18 |    12 |     7 |    12 |    29 |       ||    92
       Potion            |       |       |       |     5 |     3 |    14 |     8 |    15 |     1 ||    46
 Stab: Sleeping          |       |       |       |     1 |     1 |     4 |     2 |     4 |       ||    12
       Confused          |       |       |       |     2 |     1 |    10 |     4 |     2 |       ||    19
       Distracted        |       |       |       |     1 |     1 |     3 |     1 |     4 |       ||    10
       Paralysed         |       |       |       |       |     4 |       |       |       |       ||     4
       Fleeing           |       |       |       |       |       |       |       |     1 |       ||     1
  Eat: Chunk             |    10 |     3 |     5 |    38 |   111 |   174 |    78 |   100 |       ||   519
       Ration            |       |       |     2 |     3 |     9 |    12 |    11 |    22 |       ||    59
Armor: Skin              |     1 |     1 |     5 |     5 |   152 |   818 |   453 |   396 |     5 ||  1836
Dodge: Dodged            |    27 |    35 |   128 |   250 |  1054 |  4072 |  2334 |  1919 |    54 ||  9873
       Deflected         |       |       |       |       |       |    22 |    77 |   103 |     1 ||   203
Block: Other             |       |       |       |       |   277 |  1003 |   614 |   406 |     8 ||  2308
       Reflection        |       |       |       |       |    14 |    33 |    35 |    17 |       ||    99

Table legend:
 A = Non-vault XP
 B = Vault XP
 C = Vault XP percentage of total XP
 D = Non-vault monster count
 E = Vault monster count
 F = Vault count percentage of total count
                 A         B        C        D         E       F
            +---------+---------+-------+---------+---------+-------
      Total |  881647 |  676969 |  43.4 |    1669 |     889 |  34.8
            +---------+---------+-------+---------+---------+-------
        D:1 |      34 |       0 |   0.0 |      20 |       0 |   0.0
        D:2 |     140 |      32 |  18.6 |      29 |       1 |   3.3
        D:3 |     321 |     256 |  44.4 |      38 |       2 |   5.0
        D:4 |     305 |     169 |  35.7 |      14 |       1 |   6.7
        D:5 |     855 |     253 |  22.8 |      33 |      12 |  26.7
        D:6 |     720 |     262 |  26.7 |      22 |       1 |   4.3
        D:7 |    1528 |    2026 |  57.0 |      38 |      13 |  25.5
        D:8 |    2526 |    1474 |  36.8 |      30 |      16 |  34.8
        D:9 |    1093 |     998 |  47.7 |      18 |       7 |  28.0
       D:10 |    1128 |       0 |   0.0 |      16 |       0 |   0.0
       D:11 |    6542 |    8827 |  57.4 |      40 |      17 |  29.8
       D:12 |    5388 |     541 |   9.1 |      35 |       3 |   7.9
       D:13 |    7612 |   10014 |  56.8 |      30 |      30 |  50.0
       D:14 |    7522 |       0 |   0.0 |      24 |       0 |   0.0
       D:15 |   10629 |    5372 |  33.6 |      28 |       6 |  17.6
     Lair:1 |    2808 |       0 |   0.0 |      16 |       0 |   0.0
     Lair:2 |    3999 |    1019 |  20.3 |      22 |      17 |  43.6
     Lair:3 |    2334 |    2514 |  51.9 |      17 |      11 |  39.3
     Lair:4 |    5769 |       0 |   0.0 |      12 |       0 |   0.0
     Lair:5 |   10379 |    2485 |  19.3 |      39 |       6 |  13.3
     Lair:6 |   24794 |    9849 |  28.4 |      57 |      40 |  41.2
    Swamp:1 |    4109 |       0 |   0.0 |      17 |       0 |   0.0
    Swamp:2 |   12182 |    1880 |  13.4 |      32 |       2 |   5.9
    Swamp:3 |   10220 |    3410 |  25.0 |      27 |       7 |  20.6
    Swamp:4 |    8857 |   12485 |  58.5 |      16 |      34 |  68.0
   Spider:1 |   13062 |    1845 |  12.4 |      47 |      16 |  25.4
   Spider:2 |   16454 |    1043 |   6.0 |      49 |       4 |   7.5
   Spider:3 |   14749 |       0 |   0.0 |      54 |       0 |   0.0
   Spider:4 |   18785 |   24641 |  56.7 |      60 |      42 |  41.2
    Slime:1 |   10514 |       0 |   0.0 |      22 |       0 |   0.0
    Slime:2 |    8024 |       0 |   0.0 |      13 |       0 |   0.0
    Slime:3 |   12890 |       0 |   0.0 |      26 |       0 |   0.0
    Slime:4 |   18658 |    3255 |  14.9 |      37 |       5 |  11.9
    Slime:5 |    7619 |   23440 |  75.5 |      17 |      14 |  45.2
      Orc:1 |    6941 |       0 |   0.0 |      31 |       0 |   0.0
      Orc:2 |    3206 |    8293 |  72.1 |      19 |      25 |  56.8
      Elf:1 |   23250 |   26669 |  53.4 |      43 |      37 |  46.2
      Elf:2 |   24717 |    1799 |   6.8 |      44 |       2 |   4.3
      Elf:3 |    9858 |   48476 |  83.1 |      21 |      32 |  60.4
   Vaults:1 |   18496 |    3182 |  14.7 |      31 |       6 |  16.2
   Vaults:2 |   18492 |   35095 |  65.5 |      31 |      46 |  59.7
   Vaults:3 |   17167 |   29112 |  62.9 |      25 |      40 |  61.5
   Vaults:4 |   29449 |   36894 |  55.6 |      42 |      43 |  50.6
   Depths:1 |   36597 |   12416 |  25.3 |      47 |      20 |  29.9
   Depths:2 |   12489 |   64704 |  83.8 |      24 |     107 |  81.7
   Depths:3 |   62222 |   55665 |  47.2 |      73 |      81 |  52.6
   Depths:4 |   26491 |   26789 |  50.3 |      29 |      19 |  39.6
   Depths:5 |   14891 |   21088 |  58.6 |      23 |      15 |  39.5
      Zot:1 |   71932 |       0 |   0.0 |      42 |       0 |   0.0
      Zot:2 |   49695 |   48432 |  49.4 |      27 |      30 |  52.6
      Zot:3 |   58916 |       0 |   0.0 |      37 |       0 |   0.0
      Zot:4 |   87408 |       0 |   0.0 |      52 |       0 |   0.0
      Zot:5 |   56881 |  137210 |  70.7 |      33 |      40 |  54.8
    Ossuary |       0 |     658 | 100.0 |       0 |      13 | 100.0
     Bailey |       0 |    2397 | 100.0 |       0 |      26 | 100.0
            +---------+---------+-------+---------+---------+-------
